 Dungeon Crawl Stone Soup version 0.28-a0-194-g42b4daccc1 (webtiles) character file.

Game seed: 6571561441897422563

774708 frimble the Slayer (level 27, -9/383 HPs)
             Began as a Minotaur Warper on Aug 18, 2021.
             Was the Champion of Cheibriados.
             Hit by an ettin thrown by iron giant (29 damage)
             ... on level 21 of a ziggurat.
             The game lasted 02:11:44 (65423 turns).

frimble the Slayer (Minotaur Warper)               Turns: 65423, Time: 02:11:45

Health: -9/383     AC: 34    Str: 34    XL:     27
Magic:  36/43      EV: 29    Int: 39    God:    Cheibriados [******]
Gold:   5451       SH: 22    Dex: 30    Spells: 24/61 levels left

rFire   + + .      SeeInvis .   a - +7 Screaming Sword {vorpal, sonic wave}
rCold   + + .      Faith    .   T - +0 kite shield {rN+}
rNeg    + + .      Spirit   .   (armour currently unavailable)
rPois   ∞          Reflect  +   (helmet restricted)
rElec   +          Harm     .   X - +1 cloak of Usas {Str+3}
rCorr   .          Rampage  .   (gloves currently unavailable)
Will    ++...                   (boots currently unavailable)
Stlth   +++++.....              k - amulet of reflection
HPRegen 0.73/turn               M - ring "Ixkeojew" {rF+ rC+ Slay+3 Stlth+}
MPRegen 0.28/turn               w - ring "Vimagih" {*Corrode rElec rF+ rC+ Int+6}

@: about to teleport, statue-form, studying 5 skills, very slow
A: slow and powerful, torment resistance 1, boosted hp, horns 2, retaliatory
headbutt, hooves 1, camouflage 1, deterioration 1, robust 1
}: 4/15 runes: decaying, serpentine, slimy, silver
a: End Transformation, Renounce Religion, Bend Time, Temporal Distortion,
Slouch, Step From Time


You were on level 21 of a ziggurat.
You worshipped Cheibriados.
Cheibriados was exalted by your worship.
You were a living statue of rough stone.
You visited 13 branches of the dungeon, and saw 58 of its levels.
You visited the Abyss 2 times.
You visited 1 bazaar.
You visited 1 ziggurat, and saw 21 of its levels.
You also visited: Trove.

You collected 10355 gold pieces.
You spent 4904 gold pieces at shops.

Inventory:

Hand Weapons
 a - the +7 Screaming Sword (weapon) {vorpal, sonic wave}
   (You took it off a deep elf death mage on level 3 of the Elven Halls)

   It inflicts extra damage upon your enemies.
   It radiates damaging sonic waves as it strikes, especially in combat
   involving dangerous or numerous foes.
 L - the +8 Vampire's Tooth {vamp}
   (You found it on level 18 of a ziggurat)

   It occasionally heals its wielder for the full amount of damage dealt when it
   wounds a living foe.
Missiles
 q - 4 throwing nets
 v - 19 curare-tipped darts
 D - 15 silver javelins (quivered)
 V - 19 javelins
Armour
 r - the +0 pair of gloves "Vyplosh" {rF+}
   (You bought it in a shop in a bazaar)

   rF:        It protects you from fire.
 x - the +2 pair of boots "Vavvat" (melded) {+Inv Will++}
   (You found it on level 4 of the Depths)

   +Inv:      It lets you turn invisible.
   Will:      It greatly increases your willpower.
 E - the +3 pair of gloves "Seof" (melded) {rElec}
   (You found it on level 1 of the Elven Halls)

   rElec:     It insulates you from electricity.
 F - a +4 troll leather armour (melded)
 T - a +0 kite shield of positive energy (worn)
 X - the +1 cloak of Usas (worn) {Str+3}
   (You found it on level 1 of the Vaults)

   Str:       It affects your strength (+3).
Jewellery
 i - the amulet "Cisyk" {Contam rPois Regen+ Int+4}
   (You took it off an ancient champion on level 3 of the Crypt)

   [amulet of regeneration]

   Int:       It affects your intelligence (+4).
   rPois:     It protects you from poison.
   Contam:    It causes magical contamination when unequipped.
   Regen:     It increases your rate of health regeneration.
 k - an amulet of reflection (around neck)
 l - a ring of resist corrosion
 w - the ring "Vimagih" (right fist) {*Corrode rElec rF+ rC+ Int+6}
   (You found it on level 3 of the Crypt)

   [ring of intelligence]

   Int:       It affects your intelligence (+6).
   rF:        It protects you from fire.
   rC:        It protects you from cold.
   rElec:     It insulates you from electricity.
   *Corrode:  It may corrode you when you take damage.
 M - the ring "Ixkeojew" (left fist) {rF+ rC+ Slay+3 Stlth+}
   (You found it on level 20 of a ziggurat)

   [ring of protection from cold]

   Slay:      It affects your accuracy & damage with ranged weapons and melee
   (+3).
   rF:        It protects you from fire.
   rC:        It protects you from cold.
   Stlth:     It makes you more stealthy.
 P - the ring of Aroure Qezue {rPois Will++ Int+6 Slay+4}
   (You found it on level 18 of a ziggurat)

   [ring of slaying]

   Int:       It affects your intelligence (+6).
   Slay:      It affects your accuracy & damage with ranged weapons and melee
   (+4).
   rPois:     It protects you from poison.
   Will:      It greatly increases your willpower.
 W - an amulet of magic regeneration
Wands
 o - a wand of iceblast (83)
 H - a wand of acid (20)
Scrolls
 e - a scroll of silence
 g - 6 scrolls of immolation
 m - 9 scrolls of vulnerability
 n - 2 scrolls of summoning
 s - 67 scrolls of identify
 t - 32 scrolls of teleportation
 y - 12 scrolls of magic mapping
 A - 13 scrolls of enchant weapon
 B - 13 scrolls of amnesia
 G - 16 scrolls of fog
 J - 23 scrolls of enchant armour
 N - 11 scrolls of holy word
 O - 4 scrolls of brand weapon
 Q - 6 scrolls of fear
 S - 10 scrolls of blinking
Potions
 c - 7 potions of magic
 d - 5 potions of might
 f - 5 potions of heal wounds
 h - 2 potions of mutation
 j - 7 potions of attraction
 p - 16 potions of curing
 z - 5 potions of flight
 C - 3 potions of ambrosia
 I - 9 potions of brilliance
 R - 2 potions of invisibility
 Y - 5 potions of resistance
 Z - 12 potions of cancellation
Miscellaneous
 b - a tin of tremorstones (2/2)
 K - a condenser vane
 U - a phantom mirror


   Skills:
 + Level 26.0 Fighting
 - Level 16.0 Long Blades
 - Level 16.0 Throwing
 - Level 4.0 Armour
 - Level 15.0 Dodging
 - Level 3.0 Stealth
 - Level 15.0 Shields
 + Level 17.7 Spellcasting
 + Level 16.0 Necromancy
 - Level 5.5 Translocations
 - Level 16.2 Transmutations
 + Level 17.3 Earth Magic
 - Level 12.0 Invocations
 - Level 12.0 Evocations


You had 24 spell levels left.
You knew the following spells:

 Your Spells              Type           Power      Damage    Failure   Level
a - Blink                 Tloc           N/A        N/A       1%          2
b - Apportation           Tloc           100%       N/A       1%          1
c - Statue Form           Tmut/Erth      70%        N/A       1%          6
d - Passwall              Tmut/Erth      87%        N/A       0%          2
e - Irradiate             Conj/Tmut      39%        3d27      1%          5
f - Passage of Golubria   Tloc           N/A        N/A       1%          4
g - Shatter               Erth           53%        3d40*     56%         9
h - Necromutation         Tmut/Necr      51%        N/A       8%          8

Your spell library contained the following spells:

 Spells                   Type           Power      Damage    Failure   Level
 Animate Skeleton         Necr           100%       N/A       0%          1
 Beastly Appendage        Tmut           100%       N/A       0%          1
 Sandblast                Erth           100%       2d20      0%          1
 Sublimation of Blood     Necr           51%        N/A       0%          2
 Wereblood                Tmut           100%       N/A       0%          2
 Vampiric Draining        Necr           51%        2d13      0%          3
 Animate Dead             Necr           51%        N/A       0%          4
 Dispel Undead            Necr           100%       3d31      0%          4
 Petrify                  Tmut/Erth      100%       N/A       0%          4
 Corona                   Hex            37%        N/A       1%          1
 Foxfire                  Conj/Fire      100%       2x1d9     1%          1
 Freeze                   Ice            100%       1d11      1%          1
 Magic Dart               Conj           100%       1d8       1%          1
 Shock                    Conj/Air       100%       1d9       1%          1
 Sting                    Tmut/Pois      100%       1d8       1%          1
 Summon Small Mammal      Summ           100%       N/A       1%          1
 Call Imp                 Summ           34%        N/A       1%          2
 Corpse Rot               Necr/Air       N/A        N/A       1%          2
 Ensorcelled Hibernation  Hex/Ice        68%        N/A       1%          2
 Poisonous Vapours        Pois/Air       68%        N/A       1%          2
 Slow                     Hex            34%        N/A       1%          2
 Static Discharge         Conj/Air       34%        N/A       1%          2
 Gell's Gravitas          Tloc           33%        N/A       1%          3
 Ignite Poison            Fire/Tmut/Pois 67%        N/A       1%          3
 Lesser Beckoning         Tloc           33%        N/A       1%          3
 Portal Projectile        Hex/Tloc       100%       N/A       1%          3
 Spider Form              Tmut/Pois      39%        N/A       1%          3
 Stone Arrow              Conj/Erth      100%       3d13      1%          3
 Teleport Other           Tloc           67%        N/A       1%          3
 Animate Armour           Summ/Erth      100%       N/A       1%          4
 Ice Form                 Ice/Tmut       78%        N/A       1%          4
 Leda's Liquefaction      Hex/Erth       40%        N/A       1%          4
 Agony                    Necr           100%       N/A       1%          5
 Alistair's Intoxication  Tmut/Pois      52%        N/A       1%          5
 Blade Hands              Tmut           51%        N/A       1%          5
 Borgnjor's Vile Clutch   Necr/Erth      52%        N/A       1%          5
 Excruciating Wounds      Necr           51%        N/A       1%          5
 Lee's Rapid Deconstruct  Erth           53%        3d26*     1%          5
 Yara's Violent Unravell  Hex/Tmut       39%        3d16      1%          5
 Death Channel            Necr           51%        N/A       1%          6
 Dragon Form              Tmut           51%        N/A       1%          7
 Call Canine Familiar     Summ           34%        N/A       2%          3
 Confusing Touch          Hex            34%        N/A       2%          3
 Conjure Flame            Conj/Fire      34%        6-21      2%          3
 Dazzling Flash           Conj/Hex       68%        N/A       2%          3
 Frozen Ramparts          Ice            68%        1d8       2%          3
 Inner Flame              Hex/Fire       34%        N/A       2%          3
 Mephitic Cloud           Conj/Pois/Air  34%        N/A       2%          3
 Ozocubu's Armour         Ice            34%        N/A       2%          3
 Summon Guardian Golem    Hex/Summ       34%        N/A       2%          3
 Swiftness                Air            34%        N/A       2%          3
 Tukima's Dance           Hex            34%        N/A       2%          3
 Iskenderun's Mystic Bla  Conj/Tloc      54%        2d12      2%          4
 Bolt of Magma            Conj/Fire/Erth 34%        4d15      2%          5
 Manifold Assault         Tloc           67%        N/A       2%          5
 Iron Shot                Conj/Erth      40%        9d8       3%          6
 Eringya's Noxious Bog    Tmut/Pois      39%        N/A       4%          6
 Simulacrum               Ice/Necr       38%        N/A       4%          6
 Summon Forest            Summ/Tloc      27%        N/A       8%          5
 Borgnjor's Revivificati  Necr           51%        N/A       8%          8
 Airstrike                Air            17%        N/A       9%          4
 Cause Fear               Hex            17%        N/A       9%          4
 Fulminant Prism          Conj/Hex       17%        3d11      9%          4
 Hailstorm                Conj/Ice       34%        3d9       9%          4
 Olgreb's Toxic Radiance  Pois           34%        N/A       9%          4
 Sticky Flame             Conj/Fire      34%        2d5       9%          4
 Summon Ice Beast         Ice/Summ       34%        N/A       9%          4
 Summon Lightning Spire   Summ/Air       34%        N/A       9%          4
 Fireball                 Conj/Fire      17%        3d9       24%         5
 Freezing Cloud           Conj/Ice/Air   17%        6-21      24%         5
 Iskenderun's Battlesphe  Conj           34%        2d9       24%         5
 Lightning Bolt           Conj/Air       17%        1d31      24%         5
 Metabolic Englaciation   Hex/Ice        17%        N/A       24%         5
 Silence                  Hex/Air        17%        N/A       24%         5
 Summon Mana Viper        Hex/Summ       34%        N/A       24%         5
 Haunt                    Necr/Summ      38%        N/A       26%         7
 Storm Form               Tmut/Air       39%        N/A       26%         7
 Death's Door             Necr           51%        N/A       77%         9
 Conjure Ball Lightning   Conj/Air       17%        3x3d6     78%         6
 Invisibility             Hex            17%        N/A       78%         6
 Shadow Creatures         Summ           N/A        N/A       78%         6
 Starburst                Conj/Fire      17%        6d6       78%         6
 Lehudib's Crystal Spear  Conj/Erth      40%        10d10     85%         8
 Malign Gateway           Summ/Tloc      27%        N/A       93%         7
 Disjunction              Tloc           33%        N/A       99%         8
 Ozocubu's Refrigeration  Ice            17%        4d8       100%        7
 Spellforged Servitor     Conj/Summ      17%        N/A       100%        7
 Summon Hydra             Summ           17%        N/A       100%        7
 Discord                  Hex            17%        N/A       100%        8
 Ignition                 Fire           17%        3d7       100%        8
 Maxwell's Capacitive Co  Air            17%        ∞         100%        8
 Chain Lightning          Conj/Air       17%        3d22      100%        9
 Fire Storm               Conj/Fire      17%        8d4       100%        9
 Polar Vortex             Ice            17%        N/A       100%        9


Dungeon Overview and Level Annotations

Branches:
Dungeon (15/15)            Temple (1/1) D:4            Lair (6/6) D:8
  Swamp (4/4) Lair:3        Snake (4/4) Lair:2        Slime (5/5) Lair:6
    Orc (2/2) D:9             Elf (3/3) Orc:2        Vaults (5/5) D:14
  Crypt (3/3) Vaults:3       Tomb (0/3) Crypt:3      Depths (5/5) D:15
   Hell (visited)             Dis (0/7) Hell            Geh (0/7) Hell
    Tar (0/7) Hell            Zot (4/5) Depths:5
    Coc: Hell:1

Altars:
Ashenzari
Cheibriados
Dithmenos
Elyvilon
Fedhas
Gozag
Hepliaklqana
Kikubaaqudgha
Makhleb
Nemelex Xobeh
Okawaru
Qazlal
Ru
Sif Muna
Trog
Uskayaw
Vehumet
Wu Jian
Xom
Yredelemnul
Zin
The Shining One
Beogh
Jiyva
Lugonu

Shops:
Orc:1 =?[?   Orc:2 =*!(   Elf:1 *   Elf:2 :=   Elf:3 *(   Snake:1 (**(
Snake:4 :   Vaults:1 *   Vaults:3 !   Vaults:4 *

Portals:
Hell: Depths:1 Depths:2 Depths:3 Depths:4 Depths:5
Abyss: Depths:1 Depths:3 Depths:4
Pandemonium: Depths:2 Depths:3

Annotations:
D:3 2 transporters, ZenoRockbell's ghost, amateur HOBe
D:4 1 exclusion
Elf:1 6 runed translucent doors, Roxanne
Elf:2 exclusion: orange crystal statue
Hell exclusion: 2 ice statues


Innate Abilities, Weirdness & Mutations

You are a living statue of rough stone.
Your actions are slow, but your melee attacks are powerful.
You are resistant to unholy torment.
Your maximum health is greatly increased.
You are immune to poison.
Your equipment is partially melded.
You have a pair of horns on your head.
You reflexively headbutt those who attack you in melee.
You have large cloven feet.
Your skin changes colour to match your surroundings (Stealth+).
Your body sometimes deteriorates upon taking damage.
You are robust. (+10% HP)


Message History

You feel strangely unstable. You block the iron giant's attack.
The fire giant gestures at you while chanting.
The bolt of fire misses you.
The iron giant throws the iron giant at you!
You block the titan's attack.
A cyclops comes into view.
The iron giant throws the stone giant at you!
* * * LOW HITPOINT WARNING * * *
You block the fire giant's attack.
The iron giant points at you and mumbles some strange words.
The iron shot reflects off an invisible shield around you!
The iron shot hits the iron giant!!!
The stone giant misses you. You furiously retaliate!
You headbutt the stone giant!!
Casting: Blink (safe; 1% risk of failure)
Confirm with . or Enter, or press ? or * to list all spells.
You blink.
A cyclops, an ettin, a titan and a juggernaut come into view.
The ettin is wielding a +0 dire flail and a +2 vorpal dire flail.
You block the iron giant's attack. The fire giant completely misses you.
You furiously retaliate!
You headbutt the fire giant!!
You riposte.
You slice the fire giant!!
You kick the fire giant, but do no damage.
You headbutt the fire giant!
The fire giant is almost dead.
The iron giant throws the iron giant at you!
A frost giant comes into view.
It is wielding a +2 battleaxe of freezing.
A cyclops comes into view.
The titan hits you!!!
* * * LOW HITPOINT WARNING * * *
You block the titan's attack.
The cyclops shouts!
Casting: Blink (safe; 1% risk of failure)
Confirm with . or Enter, or press ? or * to list all spells.
You blink.
The iron giant throws the titan at you!
* * * LOW HITPOINT WARNING * * *
The iron giant throws the fire giant at you!
* * * LOW HITPOINT WARNING * * *
The titan hits you but does no damage. You block the juggernaut's attack.
The juggernaut completely misses you. The iron giant throws the ettin at you!
You die...

▓... ▓▓..........
▓▓...........
▓▓............
▓▓...........C.
▓▓...(..........
▓▓.(.............
▓▓.....CC(.)......CC
▓.∩....)8..(......CC
▓▓.....CCCC..CC...C.
▓▓......C..........
▓▓...CCC.CC..C....
▓▓.....CC........
▓▓..C.C....C....
▓▓....CC.......
▓▓............
▓▓...........


You could see 7 iron giants, 4 juggernauts, 2 titans, 2 frost giants, 3 fire
giants, a stone giant, 2 ettins and a cyclops.

Vanquished Creatures
  the Royal Jelly (Slime:5)
  4 dread liches
  2 orbs of fire
  An ancient lich (Vaults:5)
  Mara (Swamp:4)
  6 juggernauts
  4 royal mummies (Zig:17)
  Sojobo (Vaults:5)
  Vashnia (Snake:4)
  A shard shrike (Zig:2)
  Geryon (Hell)
  Margery (Crypt:3)
  8 golden dragons
  Nikola (Swamp:4)
  2 bone dragons
  A profane servitor (Zig:7)
  The ghost of Lapoyhic the Bludgeoner, an adept DrWz of Vehumet (Vaults:2)
  2 electric golems (Zot:1)
  A Brimstone Fiend (Zig:11)
  3 iron giants
  2 pandemonium lords
  16 tentacled monstrosities
  An Ice Fiend (Zig:9)
  Rupert (Lair:5)
  The ghost of Teotoim the Brawler, an adept TrAK of Lugonu (Depths:4)
  6 titans
  4 deep elf blademasters
  3 liches
  18 acid blobs
  Asterion (Elf:1)
  4 quicksilver dragons
  2 deep elf master archers
  An Executioner (Zig:11)
  10 sphinxes
  6 death cobs
  2 tentacled starspawn (Zig:12)
  4 thorn hunters
  10 tengu reavers
  3 revenants
  The ghost of Apteoram the Destroyer, an adept DgFE (Elf:2)
  8 shadow dragons
  8 ancient champions
  8 azure jellies (Slime:5)
  2 draconian monks
  13 rockslimes
  17 nagarajas
  12 storm dragons
  8 fire giants
  4 orc warlords
  2 cacodemons
  16 frost giants
  5 emperor scorpions
  4 draconian knights
  8 deep elf sorcerers
  4 iron dragons
  Louise (Snake:2)
  6 draconian scorchers
  15 vault wardens
  7 draconian shifters
  9 ghost moths
  Aizul (Vaults:2)
  4 balrugs
  A black sun (Zig:19)
  4 caustic shrike zombies
  18 ironbound preservers
  3 curse skulls (Crypt:3)
  23 stone giants
  2 deep elf elementalists
  2 draconian stormcallers
  5 reapers
  A quicksilver ooze (shapeshifter) (Vaults:5)
  7 draconian annihilators
  6 ghouls
  20 very ugly things
  18 quicksilver oozes
  8 war gargoyles
  6 green draconians
  3 spriggan defenders (Depths:4)
  6 entropy weavers
  11 vampire knights
  7 black draconians
  16 deep elf demonologists
  4 bunyips
  Azrael (Elf:1)
  6 purple draconians
  7 red draconians
  11 spark wasps
  13 deep elf annihilators
  5 dire elephants
  A lorocyproca (Zig:12)
  8 white draconians
  12 yellow draconians
  4 deep elf death magi
  4 blizzard demons
  8 eleionomae
  3 green deaths
  A crystal guardian (Vaults:3)
  3 eidola
  3 mummy priests (Zig:17)
  A fire dragon (shapeshifter) (Vaults:5)
  4 merfolk javelineers
  20 ettins
  8 deep elf high priests
  11 fire dragons
  7 ironbound thunderhulks
  A merfolk impaler (Depths:2)
  15 jiangshi
  17 yaktaur captains
  A quicksilver dragon skeleton (Zig:17)
  2 shambling mangroves (Zig:19)
  12 great orbs of eyes
  40 hydras
  6 spriggan air magi
  A salamander tyrant (Snake:4)
  2 boulder beetles (D:15)
  7 starcursed masses
  35 vault guards
  6 rakshasas
  30 naga warriors
  3 peacekeepers
  2 alligator snapping turtles
  2 juggernaut simulacra (Zig:17)
  A hell beast (Hell)
  19 two-headed ogres
  4 death knights
  9 anacondas
  4 ogre magi (Orc:2)
  8 ironbound frosthearts
  A hydra (shapeshifter) (Depths:5)
  2 ghost crabs
  34 dancing weapons
  2 merfolk aquamancers (Zig:16)
  16 ice dragons
  10 centaur warriors
  A death scarab (Zig:17)
  14 alligators
  8 deep troll shamans
  11 death yaks
  8 tengu warriors
  10 hell hogs
  8 deep troll earth magi
  3 orc high priests
  7 vampire magi
  12 thrashing horrors
  7 ironbound beastmasters
  16 naga sharpshooters
  3 spriggan berserkers
  A shock serpent (shapeshifter) (Vaults:5)
  14 sun demons
  8 shock serpents
  A storm dragon zombie (Depths:2)
  Sonja (Lair:1)
  A titan zombie (Hell)
  30 deep elf knights
  12 soul eaters
  11 hell knights
  5 iron trolls
  2 sixfirhies
  6 shadow wraiths
  3 wretched stars (Zig:12)
  3 golden dragon zombies
  12 goliath frogs
  5 salamander mystics
  36 skeletal warriors
  2 spark wasp zombies
  A bunyip zombie (Crypt:3)
  8 glowing orange brains
  2 shadow demons (Abyss:2)
  6 spriggan druids
  An anaconda zombie (Hell)
  2 death drakes (Zig:19)
  11 naga ritualists
  58 deep trolls
  20 swamp dragons
  9 bog bodies
  A shadow dragon zombie (Vaults:4)
  A tengu zombie (Zig:13)
  21 ironbound convokers
  A lindwurm (shapeshifter) (Depths:3)
  11 wizards
  3 golden dragon skeletons
  10 lindwurms
  27 deep elf zephyrmancers
  4 anaconda skeletons
  7 flayed ghosts
  Pikel (D:4)
  A harpy (Elf:1)
  36 deep elf pyromancers
  3 orb spiders
  15 deep elf archers
  9 orc knights
  13 necromancers
  A goliath frog zombie (Crypt:2)
  11 phantasmal warriors
  2 sphinx zombies
  10 mana vipers
  3 iron dragon zombies
  15 salamanders
  6 shining eyes
  An eleionoma zombie (Crypt:2)
  9 orc sorcerers
  2 stone giant zombies
  2 frost giant zombies
  A fire giant zombie (Hell)
  50 ugly things
  6 wolf spiders
  11 manticores
  20 moths of wrath
  4 cyclopes
  A tengu skeleton (Vaults:4)
  A merfolk siren (Zig:15)
  8 will-o-the-wisps
  2 sphinx skeletons (Zig:17)
  27 black mambas
  A water nymph (Zig:16)
  Joseph (D:9)
  A guardian serpent (shapeshifter) (Depths:3)
  9 guardian serpents
  16 elephants
  26 naga magi
  19 vault sentinels
  2 black mambas (shapeshifter)
  12 rust devils
  An iron dragon skeleton (Depths:2)
  2 fire giant skeletons
  12 smoke demons
  2 apocalypse crabs
  A frost giant skeleton (Depths:2)
  5 eyes of devastation
  4 torpor snails
  A gargoyle (D:14)
  3 molten gargoyles (Hell)
  4 orange demons
  22 cane toads
  A dire elephant skeleton (Crypt:2)
  2 elf zombies
  An unseen horror (Abyss:2)
  A hellion (Hell)
  A purple draconian zombie (Crypt:1)
  5 demonic crawlers
  2 sea snake zombies (Hell)
  2 efreet
  A redback zombie (Crypt:3)
  25 yaktaurs
  A rime drake (shapeshifter) (Depths:3)
  2 rime drakes
  3 tengu conjurers
  9 freezing wraiths
  6 komodo dragons
  3 red devils
  2 tormentors
  2 ice devils
  A yellow draconian skeleton (Crypt:1)
  2 ancient zymes
  10 guardian mummies (Zig:17)
  7 trolls
  2 hydra zombies (Hell)
  19 tyrant leeches
  A hellwing (Depths:3)
  A wind drake (Zig:16)
  9 jumping spiders
  A meliai (shapeshifter) (Depths:3)
  A merfolk (Zig:16)
  A bloated husk (Swamp:2)
  2 polar bears
  27 hornets
  2 hydra skeletons
  Prince Ribbit (D:7)
  23 blink frogs
  4 spriggan zombies
  A snapping turtle (Zig:16)
  2 ettin zombies
  A fire dragon zombie (Hell)
  11 dream sheep
  110 slime creatures
  An alligator zombie (Hell)
  7 raiju
  2 fire giant simulacra
  2 shadows
  5 air elementals
  10 flying skulls
  A tarantella (shapeshifter) (D:15)
  7 redbacks
  6 tarantellas
  26 spriggans
  An ettin skeleton (Crypt:2)
  6 ynoxinuls
  4 wyverns
  10 wraiths
  4 ushabtiu (Zig:17)
  2 fire elementals
  10 large abominations
  21 yaks
  11 water elementals
  2 basilisks
  2 chaos spawn
  2 humans (D:10)
  4 golden eyes
  2 neqoxecs
  A steam dragon (D:10)
  A steam dragon (shapeshifter) (Vaults:5)
  9 vampire mosquitoes
  5 small abominations
  A yaktaur simulacrum (Vaults:3)
  3 elf skeletons
  A warg (shapeshifter) (Vaults:5)
  17 swamp worms
  A naga (shapeshifter) (Depths:2)
  An orb spider zombie (Crypt:1)
  A cane toad zombie (Crypt:1)
  52 nagas
  An ogre zombie (Vaults:4)
  8 wargs
  11 hell hounds
  An infernal demonspawn skeleton (Crypt:1)
  15 water moccasins
  A swamp drake (shapeshifter) (D:15)
  5 black bears
  6 swamp drakes
  A hornet zombie (Crypt:1)
  An ice beast (D:6)
  34 orc warriors
  2 snapping turtle zombies
  6 necrophages
  3 ettin simulacra (Depths:1)
  3 wolves (Lair:5)
  5 boggarts (Vaults:2)
  33 ogres
  12 centaurs
  A hog skeleton (Crypt:2)
  A lemure (D:4)
  A phantom (D:5)
  A fire crab zombie (Crypt:3)
  Blork the orc (D:5)
  5 kobold brigands
  12 bullfrogs
  A human skeleton (Vaults:3)
  A palentonga skeleton (Crypt:3)
  3 scorpions
  An ogre simulacrum (Vaults:1)
  5 earth elementals
  A queen bee zombie (Crypt:2)
  4 wights
  2 howler monkeys
  2 bullfrog zombies (D:6)
  5 centaur zombies
  A hound (D:7)
  A quasit (Abyss:3)
  3 human zombies
  4 jellies
  14 orc priests
  A centaur skeleton (D:6)
  A gnoll shaman (D:8)
  2 bullfrog skeletons
  Ijyb (D:4)
  2 iguanas (D:6)
  26 orc wizards
  A felid zombie (Crypt:1)
  A hound skeleton (D:5)
  17 mummies (Zig:17)
  2 howler monkey zombies
  7 gnolls
  A swamp drake zombie (Crypt:3)
  9 adders
  A shadow imp (D:6)
  5 white imps
  2 ufetubi
  A halfling zombie (Crypt:1)
  A worm (D:3)
  2 dart slugs
  92 orcs
  6 endoplasms
  2 goblins
  9 hobgoblins
  4 jackals (D:1)
  16 kobolds
  A quokka (D:3)
  9 ball pythons
  3 bats (D:1)
  5 frilled lizards
  A gnoll skeleton (Crypt:3)
  2 jackal skeletons
  3 rats
  A block of ice (Zig:4)
  14 briar patches
  A lurking horror (Abyss:2)
2804 creatures vanquished.

Vanquished Creatures (others)
  An ancient lich (Crypt:3)
  2 nagarajas
  2 draconian knights
  A warmonger (Zig:4)
  A green death (Zig:4)
  A naga warrior (Zig:15)
  A hydra (Swamp:4)
  An ice dragon (Hell)
  A vampire mage (Depths:5)
  A hell hog (Depths:1)
  A deep elf knight (Elf:1)
  A swamp dragon (Zig:15)
  A deep elf archer (Zig:20)
  3 deep elf pyromancers
  A large abomination (Zig:4)
  3 ugly things (D:14)
  An orange demon (Swamp:4)
  A troll (D:14)
  2 bloated husks
  A naga (Snake:4)
  A small abomination (Zig:12)
  2 orc priests
  2 orcs (Elf:1)
  3 briar patches (Zig:19)
  22 foxfires
  24 fungi
  78 plants
  4 starspawn tentacles (Zig:12)
163 creatures vanquished.

Grand Total: 2967 creatures vanquished

Notes
Turn   | Place    | Note
-------+----------+-------------------------------------------
     0 | D:1      | frimble the Minotaur Warper began the quest for the Orb.
     0 | D:1      | Reached XP level 1. HP: 18/18 MP: 1/1
   162 | D:1      | Reached XP level 2. HP: 13/25 MP: 3/3
   324 | D:1      | Reached skill level 3 in Fighting
   446 | D:1      | Found a faded altar of an unknown god.
   872 | D:2      | Reached XP level 3. HP: 24/31 MP: 4/4
  1763 | D:2      | Reached XP level 4. HP: 38/38 MP: 5/5
  2070 | D:3      | Found a transporter.
  2072 | D:3      | Noticed ZenoRockbell's ghost (amateur HOBe)
  2075 | D:3      | Noticed an ogre
  2087 | D:3      | Found a transporter.
  2367 | D:3      | Found a blossoming altar of Fedhas.
  2464 | D:3      | Reached XP level 5. HP: 44/46 MP: 6/6
  2469 | D:3      | Reached skill level 4 in Fighting
  2783 | D:3      | Learned a level 2 spell: Blink
  3322 | D:4      | Noticed a necrophage
  3328 | D:4      | Killed a necrophage
  3329 | D:4      | Reached skill level 1 in Evocations
  3355 | D:4      | Reached XP level 6. HP: 53/53 MP: 7/7
  3365 | D:4      | Noticed Ijyb
  3372 | D:4      | Killed Ijyb
  3665 | D:5      | Entered Level 5 of the Dungeon
  3958 | D:5      | Found a shadowy altar of Dithmenos.
  3958 | D:5      | Found an opulent altar of Gozag.
  3975 | D:5      | Reached skill level 5 in Fighting
  3975 | D:5      | Reached skill level 5 in Long Blades
  4260 | D:5      | Reached XP level 7. HP: 61/61 MP: 8/8
  4604 | D:5      | Noticed Blork the orc
  4618 | D:5      | Killed Blork the orc
  4797 | D:5      | Found a burning altar of Makhleb.
  5215 | D:4      | Learned a level 4 spell: Passage of Golubria
  5222 | D:4      | Found a snail-covered altar of Cheibriados.
  5348 | D:4      | Noticed Pikel
  5369 | D:4      | Killed Pikel
  5370 | D:4      | Reached skill level 6 in Fighting
  5370 | D:4      | Reached skill level 5 in Throwing
  5370 | D:4      | Reached XP level 8. HP: 70/71 MP: 9/9
  5402 | D:4      | Found a staircase to the Ecumenical Temple.
  5490 | D:4      | Found a basalt altar of Yredelemnul.
  6277 | D:6      | Reached skill level 7 in Fighting
  6786 | D:7      | Reached XP level 9. HP: 55/79 MP: 10/10
  7106 | D:7      | Noticed Prince Ribbit
  7118 | D:7      | Killed Prince Ribbit
  7148 | D:7      | Reached skill level 8 in Fighting
  8487 | D:8      | Noticed a two-headed ogre
  8508 | D:8      | Found an iron altar of Okawaru.
  8510 | D:8      | Killed a two-headed ogre
  8511 | D:8      | Reached skill level 9 in Fighting
  8511 | D:8      | Reached XP level 10. HP: 86/91 MP: 6/11
  8642 | D:8      | Noticed a two-headed ogre
  8683 | D:8      | Killed a two-headed ogre
  9540 | D:8      | Found a staircase to the Lair.
 10306 | D:9      | Reached skill level 10 in Long Blades
 10523 | D:9      | Reached skill level 10 in Fighting
 11119 | D:9      | Reached skill level 5 in Translocations
 11231 | D:9      | Found a staircase to the Orcish Mines.
 12017 | D:10     | Entered Level 10 of the Dungeon
 12017 | D:10     | Noticed Joseph
 12096 | D:9      | Killed Joseph
 12097 | D:9      | Reached XP level 11. HP: 34/101 MP: 12/12
 12824 | D:10     | Found an iron altar of Okawaru.
 13022 | D:10     | Learned a level 6 spell: Statue Form
 13527 | D:11     | Noticed a four-headed hydra
 13539 | D:11     | Killed a four-headed hydra
 14061 | D:11     | Reached skill level 11 in Fighting
 14550 | D:12     | Noticed a white ugly thing
 14580 | D:12     | Killed a white ugly thing
 14713 | D:12     | Noticed a two-headed ogre
 14731 | D:12     | Noticed an orc knight
 15009 | D:13     | Found Toezefawk's General Store.
 15060 | D:13     | Noticed a centaur warrior
 15395 | D:13     | Killed a centaur warrior
 15396 | D:13     | Reached skill level 5 in Dodging
 15513 | D:13     | Noticed a two-headed ogre
 15533 | D:13     | Killed a two-headed ogre
 16139 | D:12     | Reached XP level 12. HP: 56/112 MP: 16/16
 16182 | D:12     | Reached skill level 12 in Fighting
 16241 | D:12     | Killed a two-headed ogre
 16845 | D:14     | Noticed a death knight
 16874 | D:14     | Killed a death knight
 17172 | D:15     | Entered Level 15 of the Dungeon
 17188 | D:15     | Identified the +8 spear of Ahygraz {protect, rN++ MP-9}
 17258 | D:15     | Noticed a centaur warrior
 17275 | D:15     | Killed a centaur warrior
 17320 | D:15     | Noticed a death knight
 17340 | D:15     | Killed a death knight
 17545 | D:15     | Noticed a tengu warrior
 17545 | D:15     | Noticed a tengu warrior
 17563 | D:15     | Killed a tengu warrior
 17570 | D:15     | Killed a tengu warrior
 17688 | D:15     | Noticed a boulder beetle
 17793 | D:14     | Reached skill level 1 in Shields
 17800 | D:14     | Reached skill level 13 in Fighting
 17900 | D:14     | Reached skill level 5 in Spellcasting
 18007 | D:14     | Found a gate to the Vaults.
 18007 | D:14     | Noticed a vault guard
 18027 | D:14     | Killed a vault guard
 18028 | D:14     | Reached XP level 13. HP: 100/122 MP: 19/19
 18566 | D:15     | Reached skill level 1 in Transmutations
 18566 | D:15     | Reached skill level 1 in Earth Magic
 18889 | D:15     | Noticed a cyan very ugly thing
 19474 | Temple   | Entered the Ecumenical Temple
 19567 | D:4      | Became a worshipper of Cheibriados the Contemplative
 19667 | Lair:1   | Entered Level 1 of the Lair of Beasts
 20193 | Lair:1   | Noticed Sonja
 20195 | Lair:1   | Killed Sonja
 20196 | Lair:1   | Reached skill level 1 in Invocations
 20467 | Lair:1   | Reached * piety under Cheibriados
 20720 | Lair:2   | Found a staircase to the Snake Pit.
 21330 | Lair:3   | Reached skill level 5 in Evocations
 21610 | Lair:3   | Identified a scroll of acquirement
 21613 | Lair:3   | Acquired a manual of Long Blades
 21629 | Lair:3   | Reached ** piety under Cheibriados
 21880 | Lair:3   | Found a staircase to the Swamp.
 22202 | Lair:4   | Reached XP level 14. HP: 101/129 MP: 19/21
 22327 | Lair:4   | Identified the +9 falchion "Jutzaod" {elec, rC+ rN+}
 22390 | Lair:4   | Reached *** piety under Cheibriados
 23015 | Lair:5   | Reached skill level 5 in Invocations
 23209 | Lair:5   | Noticed Rupert
 23228 | Lair:5   | Killed Rupert
 23292 | Lair:5   | Reached **** piety under Cheibriados
 23374 | Lair:5   | Reached skill level 5 in Earth Magic
 23383 | Lair:5   | Reached skill level 5 in Transmutations
 23828 | Lair:6   | Entered Level 6 of the Lair of Beasts
 23963 | Lair:6   | Reached ***** piety under Cheibriados
 24140 | Lair:6   | Found a staircase to the Slime Pits.
 24502 | Lair:6   | Reached XP level 15. HP: 126/135 MP: 23/23
 25072 | Orc:1    | Entered Level 1 of the Orcish Mines
 25098 | Orc:1    | Reached ****** piety under Cheibriados
 25106 | Orc:1    | Noticed an orc warlord
 25111 | Orc:1    | Gained mutation: Your body sometimes deteriorates upon
                  | taking damage. [a neqoxec]
 25122 | Orc:1    | Killed an orc warlord
 25343 | Orc:1    | Found Gyefoc's Antique Armour Shop.
 25353 | Orc:1    | Bought an embroidered cloak for 187 gold pieces
 25428 | Orc:1    | Found Ciociy's Magic Scroll Shoppe.
 25443 | Orc:1    | Bought a scroll of teleportation for 33 gold pieces
 25443 | Orc:1    | Bought a scroll of blinking for 82 gold pieces
 25443 | Orc:1    | Bought a scroll of enchant armour for 82 gold pieces
 25443 | Orc:1    | Bought a scroll of enchant armour for 82 gold pieces
 25547 | Orc:1    | Found Yti Udghewn's Magic Scroll Boutique.
 25558 | Orc:1    | Found Exebysch's Jewellery Boutique.
 25559 | Orc:1    | Bought 2 scrolls of fear for 84 gold pieces
 25559 | Orc:1    | Bought a scroll of enchant weapon for 90 gold pieces
 25559 | Orc:1    | Bought a scroll of enchant armour for 90 gold pieces
 25559 | Orc:1    | Bought a scroll of fog for 24 gold pieces
 25559 | Orc:1    | Bought a scroll of enchant armour for 90 gold pieces
 25650 | Orc:2    | Entered Level 2 of the Orcish Mines
 25757 | Orc:2    | HP: 1/135 [orc warrior[an orc knight] (8)]
 26110 | Orc:2    | Paralysed by an ogre mage for 7 turns
 26115 | Orc:2    | HP: 4/135 [two-headed ogre (15)]
 26285 | Orc:2    | Found a staircase to the Elven Halls.
 26373 | Orc:2    | Found Qyenim's Distillery.
 26373 | Orc:2    | Found Piggef's Jewellery Shoppe.
 26376 | Orc:2    | Found Ylawadd's Weapon Emporium.
 26376 | Orc:2    | Found Cejun's General Store.
 26408 | Orc:2    | Bought a potion of curing for 39 gold pieces
 26408 | Orc:2    | Bought a potion of curing for 39 gold pieces
 26408 | Orc:2    | Bought a potion of resistance for 130 gold pieces
 26408 | Orc:2    | Bought a potion of resistance for 130 gold pieces
 26408 | Orc:2    | Bought a potion of cancellation for 104 gold pieces
 26408 | Orc:2    | Bought a potion of magic for 104 gold pieces
 26408 | Orc:2    | Bought a potion of might for 52 gold pieces
 26408 | Orc:2    | Bought a potion of might for 52 gold pieces
 26425 | Orc:2    | Bought a scroll of teleportation for 39 gold pieces
 26425 | Orc:2    | Bought a potion of heal wounds for 65 gold pieces
 26425 | Orc:2    | Bought a potion of curing for 39 gold pieces
 26425 | Orc:2    | Bought a scroll of magic mapping for 45 gold pieces
 26773 | Elf:1    | Entered Level 1 of the Elven Halls
 26778 | Elf:1    | Noticed Asterion
 26786 | Elf:1    | Noticed an Executioner
 26797 | Elf:1    | Identified the amulet "Logi Cao" {Acrobat rPois Str-5
                  | Int+7}
 26797 | Elf:1    | Noticed a deep elf sorcerer
 26801 | Elf:1    | Killed a deep elf sorcerer
 26803 | Elf:1    | Killed Asterion
 26865 | Elf:1    | Identified the +6 hand axe of Ash {pain, rElec Str+4 Dex-4
                  | Stlth+}
 27015 | Elf:1    | Gained mutation: You are resistant to electric shocks.
                  | (rElec) [mutagenic glow]
 27082 | Elf:1    | Reached XP level 16. HP: 143/143 MP: 24/24
 27119 | Elf:1    | Identified the +3 pair of gloves "Seof" {rElec}
 27141 | Elf:1    | Got the Disquisition on Black Arts and Venom
 27442 | Elf:1    | Noticed Azrael
 27458 | Elf:1    | Killed Azrael
 27546 | Elf:1    | Found Yzuneo's Assorted Antiques.
 27558 | Elf:1    | Bought a scroll of magic mapping for 77 gold pieces
 27595 | Elf:1    | Noticed Roxanne
 27725 | Elf:1    | Noticed a sphinx
 27741 | Elf:1    | Noticed a sphinx
 27743 | Elf:1    | Reached skill level 10 in Earth Magic
 27745 | Elf:1    | Reached skill level 10 in Transmutations
 27751 | Elf:1    | Noticed a sphinx
 27752 | Elf:1    | Killed a sphinx
 27759 | Elf:1    | Paralysed by a sphinx for 3 turns
 27764 | Elf:1    | Killed a sphinx
 27765 | Elf:1    | HP: 6/185 [manticore (13)]
 27936 | Elf:1    | Identified the +5 short sword of the Extremely Mad {holy,
                  | Str+3 Stlth+}
 27938 | Elf:1    | Paralysed by an air elemental for 1 turns
 28114 | Elf:1    | Found a runed translucent gate.
 28114 | Elf:1    | Found a runed translucent gate.
 28114 | Elf:1    | Found a runed translucent gate.
 28114 | Elf:1    | Found a runed translucent gate.
 28114 | Elf:1    | Found a runed translucent gate.
 28115 | Elf:1    | Noticed a shadow dragon
 28116 | Elf:1    | Found a runed translucent gate.
 28116 | Elf:1    | Noticed a shadow dragon
 28190 | Elf:1    | Killed a sphinx
 28418 | Elf:1    | Cast into level 3 of the Abyss (a deep elf sorcerer)
 28423 | Abyss:3  | Learned a level 2 spell: Passwall
 28429 | Abyss:3  | Learned a level 5 spell: Irradiate
 28467 | Abyss:3  | Noticed a tentacled starspawn
 28578 | Elf:1    | Escaped the Abyss
 28675 | Elf:1    | Found a corrupted altar of Lugonu.
 28865 | Elf:1    | Bought a pair of runed gloves for 165 gold pieces
 29064 | Elf:2    | Found a runed translucent gate.
 29064 | Elf:2    | Found a runed translucent gate.
 29064 | Elf:2    | Found a runed translucent gate.
 29117 | Elf:2    | Found Payguame's Jewellery Shop.
 29126 | Elf:2    | Bought the ring of Ronnab {rPois rF++ Will+} for 966 gold
                  | pieces
 29151 | Elf:2    | Found a runed translucent gate.
 29151 | Elf:2    | Found a runed translucent gate.
 29154 | Elf:2    | Found a runed translucent gate.
 29155 | Elf:2    | Noticed Apteoram's ghost (adept DgFE)
 29171 | Elf:2    | Killed Apteoram's ghost
 29172 | Elf:2    | Reached XP level 17. HP: 149/149 MP: 21/25
 29179 | Elf:2    | Reached skill level 5 in Shields
 29452 | Elf:2    | Found Imejaom's Book Shop.
 30311 | Elf:3    | Entered Level 3 of the Elven Halls
 30540 | Elf:3    | Found an ancient bone altar of Kikubaaqudgha.
 30709 | Elf:3    | Found Capaquidgh's General Store.
 30714 | Elf:3    | Found Noleop's Weapon Emporium.
 30717 | Elf:3    | Bought a scroll of immolation for 49 gold pieces
 30717 | Elf:3    | Bought a scroll of fog for 28 gold pieces
 30933 | Elf:3    | Identified the +5 falchion of Entrepreneurial Spirit
                  | {vorpal, Int+4 Stlth+}
 31052 | Elf:3    | Noticed a Brimstone Fiend
 31053 | Elf:3    | Noticed a deep elf blademaster
 31054 | Elf:3    | Noticed a Tzitzimitl
 31057 | Elf:3    | Killed a deep elf blademaster
 31331 | Elf:3    | Bought 6 javelins for 86 gold pieces
 31748 | Elf:3    | Identified the +5 scimitar of Vengeance {vorpal, rCorr}
 31748 | Elf:3    | Identified the ring "Vyecutte" {rElec AC+4 Int+4 Stlth+}
 31831 | Elf:3    | Noticed a deep elf blademaster
 31833 | Elf:3    | Noticed a deep elf master archer
 31837 | Elf:3    | Killed a deep elf master archer
 31838 | Elf:3    | Reached skill level 14 in Fighting
 31991 | Elf:3    | Killed a deep elf blademaster
 32019 | Elf:3    | Reached XP level 18. HP: 160/160 MP: 24/27
 32131 | Elf:3    | Got the Grimoire of Noxious Stones
 32133 | Elf:3    | Got the Papyrus of Quantum Slavery
 32141 | Elf:3    | Identified the +4 plate armour "Pisat" {Dex+3}
 32170 | Elf:3    | Reached skill level 10 in Shields
 32199 | Elf:3    | Identified the +0 pair of gloves "Zeqolif" {*Slow rPois
                  | Dex+2}
 32214 | Elf:3    | Identified the +1 troll leather armour of Past Mistakes
                  | {rF+ Regen+ Dex+4}
 32646 | Snake:1  | Entered Level 1 of the Snake Pit
 33018 | Snake:1  | Found Faodogh's General Store.
 33020 | Snake:1  | Found Akhlucw's Antique Weapon Shop.
 33020 | Snake:1  | Found Roesacei's Weapon Boutique.
 33025 | Snake:1  | Bought a scroll of teleportation for 45 gold pieces
 33025 | Snake:1  | Found Piewemuy's Assorted Antiques.
 33031 | Snake:1  | Bought a scroll of enchant armour for 165 gold pieces
 33031 | Snake:1  | Bought a scroll of enchant armour for 165 gold pieces
 33632 | Snake:2  | Found a flickering gateway to a bazaar.
 33633 | Bazaar   | Entered a bazaar
 33633 | Bazaar   | Found Wyunotoi's Book Shop.
 33633 | Bazaar   | Found Orhycaf's General Store.
 33672 | Bazaar   | Found Xeinayd's Antique Armour Boutique.
 33680 | Bazaar   | Found Vosyept's Magic Scroll Boutique.
 33688 | Bazaar   | Bought a scroll of teleportation for 39 gold pieces
 33688 | Bazaar   | Bought a scroll of teleportation for 39 gold pieces
 33691 | Bazaar   | Found Nitusum's Antique Weapon Emporium.
 33720 | Bazaar   | Bought a book of Cantrips for 160 gold pieces
 33722 | Bazaar   | Learned a level 1 spell: Apportation
 33744 | Bazaar   | Bought a pair of transparent gloves for 180 gold pieces
 33744 | Bazaar   | Identified the +0 pair of gloves "Vyplosh" {rF+} (You
                  | bought it in a shop in a bazaar)
 33786 | Snake:2  | Reached skill level 15 in Long Blades
 33947 | Snake:2  | Noticed Louise
 33961 | Snake:2  | Killed Louise
 34763 | Snake:3  | Reached skill level 15 in Fighting
 35799 | Snake:4  | Entered Level 4 of the Snake Pit
 35947 | Snake:4  | Noticed Vashnia
 35957 | Snake:4  | Killed Vashnia
 35958 | Snake:4  | Reached XP level 19. HP: 95/172 MP: 26/28
 36154 | Snake:4  | Reached skill level 16 in Fighting
 36197 | Snake:4  | Reached skill level 15 in Shields
 36573 | Snake:4  | Reached skill level 17 in Fighting
 36645 | Snake:4  | Found Biox Tang's Book Boutique.
 36951 | Snake:4  | Got a serpentine rune of Zot
 37423 | Vaults:1 | Entered Level 1 of the Vaults
 37439 | Vaults:1 | Found Jinkir's Assorted Antiques.
 37461 | Vaults:1 | Reached skill level 18 in Fighting
 37548 | Vaults:1 | Bought a scroll of teleportation for 129 gold pieces
 37715 | Vaults:1 | Reached skill level 19 in Fighting
 38233 | Vaults:1 | Reached XP level 20. HP: 191/191 MP: 29/29
 38611 | Vaults:1 | Identified the +1 cloak of Usas {Str+3}
 38817 | Vaults:2 | Cast into level 2 of the Abyss (a wizard)
 38820 | Abyss:2  | Found a corrupted altar of Lugonu.
 39218 | Abyss:4  | Got the Guide on Attacks
 39230 | Abyss:4  | Got the Reference Book on the Voyage
 39236 | Abyss:4  | Got the Papyrus of Creation
 39270 | Vaults:2 | Escaped the Abyss
 39696 | Vaults:2 | Noticed Aizul
 39713 | Vaults:2 | Killed Aizul
 40217 | Vaults:2 | Noticed Lapoyhic's ghost (adept DrWz)
 40224 | Vaults:2 | Found a runed translucent gate.
 40224 | Vaults:2 | Found a runed translucent gate.
 40224 | Vaults:2 | Found a runed translucent gate.
 40274 | Vaults:2 | Reached skill level 20 in Fighting
 40293 | Vaults:2 | Reached skill level 10 in Dodging
 40469 | Vaults:2 | Found a portal to a secret trove of treasure.
 40667 | Vaults:2 | Reached skill level 10 in Invocations
 40668 | Vaults:2 | Killed Lapoyhic's ghost
 40814 | Vaults:3 | Reached skill level 10 in Evocations
 40909 | Vaults:3 | Reached XP level 21. HP: 188/201 MP: 30/30
 41378 | Vaults:3 | You fall into a shaft and drop 1 floor!
 41494 | Vaults:3 | Found Tam Orphi's Distillery.
 41497 | Vaults:3 | Bought a potion of heal wounds for 105 gold pieces
 41497 | Vaults:3 | Bought a potion of resistance for 210 gold pieces
 41497 | Vaults:3 | Bought a potion of mutation for 168 gold pieces
 41497 | Vaults:3 | Bought a potion of heal wounds for 105 gold pieces
 41630 | Vaults:3 | Found a staircase to the Crypt.
 42183 | Vaults:4 | Found Naxe's Assorted Antiques.
 42307 | Vaults:4 | Bought a scroll of teleportation for 93 gold pieces
 42307 | Vaults:4 | Bought a potion of magic for 248 gold pieces
 43313 | Vaults:4 | Learned a level 9 spell: Shatter
 43566 | D:15     | Found a staircase to the Depths.
 43585 | Depths:1 | Entered Level 1 of the Depths
 43850 | Depths:1 | Reached XP level 22. HP: 208/209 MP: 32/32
 43872 | Depths:1 | Found a gateway to Hell.
 44093 | Depths:1 | You fall into a shaft and drop 1 floor!
 44093 | Depths:2 | Found a sparkling altar of Nemelex Xobeh.
 44147 | Depths:2 | Found a one-way gate leading to the halls of Pandemonium.
 44570 | Depths:1 | Found a one-way gate to the infinite horrors of the Abyss.
 44571 | Depths:1 | Found a corrupted altar of Lugonu.
 44657 | Depths:1 | Found a shimmering blue altar of Sif Muna.
 44805 | Depths:1 | Identified the ring of Starshine {EV+4 Int+3}
 45596 | Depths:2 | You fall into a shaft and drop 2 floors!
 45691 | Depths:4 | Found a runed translucent gate.
 45691 | Depths:4 | Found a runed translucent gate.
 45691 | Depths:4 | Found a runed translucent gate.
 45696 | Depths:4 | Noticed Teotoim's ghost (adept TrAK)
 45699 | Depths:4 | Found a viscous altar of Jiyva.
 45720 | Depths:4 | Killed Teotoim's ghost
 45735 | Depths:4 | Identified the +2 pair of boots "Vavvat" {+Inv Will++}
 45797 | Depths:4 | Found a gateway to a ziggurat.
 45978 | Depths:4 | Reached skill level 21 in Fighting
 46575 | Depths:4 | Reached XP level 23. HP: 214/220 MP: 34/34
 46929 | Depths:5 | Entered Level 5 of the Depths
 47219 | Depths:5 | Reached skill level 15 in Dodging
 47558 | Depths:5 | Found a gate to the Realm of Zot.
 47784 | Depths:5 | Found a stormy altar of Qazlal.
 48154 | Depths:3 | Gained mutation: You occasionally shout uncontrollably at
                  | your foes. [a cacodemon]
 48157 | Depths:3 | Gained mutation: You are weak. (Str -2) [a cacodemon]
 48820 | Depths:3 | Noticed a juggernaut
 48974 | Depths:3 | Killed a juggernaut
 48979 | Depths:3 | Reached skill level 22 in Fighting
 49073 | Depths:3 | Reached skill level 10 in Spellcasting
 50114 | Vaults:5 | Entered Level 5 of the Vaults
 50121 | Vaults:5 | Reached XP level 24. HP: 233/233 MP: 36/36
 50122 | Vaults:5 | Noticed Sojobo
 50138 | Vaults:5 | Killed Sojobo
 50143 | Vaults:5 | Noticed an ancient lich
 50259 | Vaults:5 | Reached skill level 15 in Earth Magic
 50404 | Vaults:5 | Killed an ancient lich
 50405 | Vaults:5 | Reached skill level 23 in Fighting
 50428 | Vaults:5 | Identified the ring "Mossumam" {rN++ MP+9 Int+2 SInv}
 50667 | Vaults:5 | Reached skill level 10 in Throwing
 50674 | Vaults:5 | Noticed a dread lich
 50683 | Vaults:5 | Killed a dread lich
 50684 | Vaults:5 | Reached XP level 25. HP: 217/243 MP: 37/37
 50692 | Vaults:5 | Identified the ring "Hill" {rF+ rN++ AC+4}
 50995 | Vaults:5 | Got the Handbook of Unholy Magic
 51024 | Vaults:5 | Got a silver rune of Zot
 51949 | Swamp:1  | Entered Level 1 of the Swamp
 53397 | Swamp:3  | Acquired the Handbook of Heat and Moulding
 53453 | Swamp:3  | Learned a level 8 spell: Necromutation
 53696 | Swamp:4  | Entered Level 4 of the Swamp
 53746 | Swamp:4  | Noticed Nikola
 53758 | Swamp:4  | Killed Nikola
 53759 | Swamp:4  | Reached skill level 1 in Necromancy
 53768 | Swamp:4  | Noticed Mara
 54051 | Swamp:4  | Noticed frimble's illusion
 54054 | Swamp:4  | Killed Mara
 54401 | Swamp:4  | Got a decaying rune of Zot
 54709 | Slime:1  | Entered Level 1 of the Pits of Slime
 54897 | Slime:2  | Gained mutation: You tend to lose your temper in combat. [a
                  | shining eye]
 54897 | Slime:2  | Gained mutation: Your spells are a little easier to cast,
                  | but a little less powerful. [a shining eye]
 54898 | Slime:2  | Gained mutation: Armour fits poorly on your strangely
                  | shaped body. [a shining eye]
 54906 | Slime:2  | Gained mutation: Your spells are easier to cast, but less
                  | powerful. [a shining eye]
 54909 | Slime:2  | Gained mutation: Your body often deteriorates upon taking
                  | damage. [a shining eye]
 54970 | Slime:5  | Entered Level 5 of the Pits of Slime
 54985 | Slime:5  | Noticed the Royal Jelly
 54986 | Slime:5  | Gained mutation: Your mind is acute. (Int +2) [a shining
                  | eye]
 54994 | Slime:5  | Killed the Royal Jelly
 54995 | Slime:5  | Reached XP level 26. HP: 186/251 MP: 29/38
 55158 | Slime:5  | Identified the +1 chain mail "Castyh" {*Slow rCorr Str+4}
 55160 | Slime:5  | Got a slimy rune of Zot
 55187 | Slime:5  | Identified the +0 scale mail of Negation {rF+ rC+}
 55202 | Slime:5  | Found the +6 arbalest "Damnation" {damnation}
 55205 | Slime:5  | Identified the amulet "Saryahaone" {Reflect rElec SH+5}
 55210 | Slime:5  | Identified the +5 flail of Plague {freeze, rF+ Str-5 Dex+4}
 55252 | Slime:5  | Identified the +7 scythe of Articulation {drain, rCorr
                  | Str+4 Int+5}
 55255 | Slime:5  | Identified the +6 spear "Tunuop" {vamp, Str+2 Dex+3}
 55614 | Vaults:2 | You showed the slimy rune of Zot to enter a treasure trove
 55615 | Trove    | Entered a treasure trove
 55679 | Trove    | Got Sif Muna's Catalogue of Hexes and Venom
 55815 | Crypt:1  | Entered Level 1 of the Crypt
 55895 | Crypt:1  | Reached skill level 5 in Necromancy
 56051 | Crypt:1  | Lost mutation: Your spells are easier to cast, but less
                  | powerful. [potion of mutation]
 56051 | Crypt:1  | Lost mutation: Your body often deteriorates upon taking
                  | damage. [potion of mutation]
 56051 | Crypt:1  | Gained mutation: Your magical capacity is low. (-10% MP)
                  | [potion of mutation]
 56051 | Crypt:1  | Lost mutation: You tend to lose your temper in combat.
                  | [potion of mutation]
 56052 | Crypt:1  | Lost mutation: Your magical capacity is low. (-10% MP)
                  | [potion of mutation]
 56052 | Crypt:1  | Lost mutation: You are weak. (Str -2) [potion of mutation]
 56052 | Crypt:1  | Lost mutation: Your spells are a little easier to cast, but
                  | a little less powerful. [potion of mutation]
 56052 | Crypt:1  | Gained mutation: You are occasionally teleported next to
                  | monsters. [potion of mutation]
 56052 | Crypt:1  | Gained mutation: You are strong-willed. (Will+) [potion of
                  | mutation]
 56052 | Crypt:1  | Gained mutation: You expend magic power (3 MP) to
                  | strengthen your wands. [potion of mutation]
 56052 | Crypt:1  | Gained mutation: You are covered in fur. (AC +1) [potion of
                  | mutation]
 56053 | Crypt:1  | Lost mutation: Your mind is acute. (Int +2) [potion of
                  | mutation]
 56053 | Crypt:1  | Lost mutation: Armour fits poorly on your strangely shaped
                  | body. [potion of mutation]
 56053 | Crypt:1  | Lost mutation: You are strong-willed. (Will+) [potion of
                  | mutation]
 56053 | Crypt:1  | Gained mutation: You have large cloven feet. [potion of
                  | mutation]
 56053 | Crypt:1  | Gained mutation: You are partially covered in large bone
                  | plates. (SH +4) [potion of mutation]
 56054 | Crypt:1  | Lost mutation: You have large cloven feet. [potion of
                  | mutation]
 56054 | Crypt:1  | Gained mutation: You are clumsy. (Dex -2) [potion of
                  | mutation]
 56054 | Crypt:1  | Lost mutation: You are covered in fur. (AC +1) [potion of
                  | mutation]
 56054 | Crypt:1  | Gained mutation: You are strong-willed. (Will+) [potion of
                  | mutation]
 56055 | Crypt:1  | Lost mutation: You are clumsy. (Dex -2) [potion of
                  | mutation]
 56055 | Crypt:1  | Lost mutation: You are strong-willed. (Will+) [potion of
                  | mutation]
 56055 | Crypt:1  | Gained mutation: You have hidden genetic defects. [potion
                  | of mutation]
 56055 | Crypt:1  | Gained mutation: You have very sharp teeth. [potion of
                  | mutation]
 56056 | Crypt:1  | Lost mutation: You have hidden genetic defects. [potion of
                  | mutation]
 56056 | Crypt:1  | Lost mutation: You are partially covered in large bone
                  | plates. (SH +4) [potion of mutation]
 56056 | Crypt:1  | Lost mutation: Your body sometimes deteriorates upon taking
                  | damage. [potion of mutation]
 56056 | Crypt:1  | Gained mutation: You are partially covered in iridescent
                  | scales. (AC +2) [potion of mutation]
 56057 | Crypt:1  | Lost mutation: You occasionally shout uncontrollably at
                  | your foes. [potion of mutation]
 56057 | Crypt:1  | Lost mutation: You are partially covered in iridescent
                  | scales. (AC +2) [potion of mutation]
 56057 | Crypt:1  | Lost mutation: You expend magic power (3 MP) to strengthen
                  | your wands. [potion of mutation]
 56057 | Crypt:1  | Gained mutation: Your natural rate of healing is unusually
                  | fast. [potion of mutation]
 56058 | Crypt:1  | Lost mutation: You are resistant to electric shocks.
                  | (rElec) [potion of mutation]
 56058 | Crypt:1  | Gained mutation: Your spells are a little harder to cast,
                  | but a little more powerful. [potion of mutation]
 56058 | Crypt:1  | Gained mutation: You are robust. (+10% HP) [potion of
                  | mutation]
 56888 | Crypt:2  | Identified the +9 long sword of Turmoil {vorpal, rElec
                  | SInv}
 57465 | Crypt:3  | Entered Level 3 of the Crypt
 57645 | Crypt:3  | Noticed Margery
 57676 | Crypt:3  | Killed Margery
 58003 | Crypt:3  | Identified the amulet "Cisyk" {Contam rPois Regen+ Int+4}
 58006 | Crypt:3  | Identified the ring "Coavisug" {rC- rN+ Str+3 Stlth+}
 58013 | Crypt:3  | Noticed an ancient lich
 58013 | Crypt:3  | Noticed a dread lich
 58015 | Crypt:3  | Identified the ring "Mafo" {rN+ Int+3}
 58022 | Crypt:3  | Killed an ancient lich
 58025 | Crypt:3  | Killed a dread lich
 58076 | Crypt:3  | Noticed an ancient lich
 58084 | Crypt:3  | Identified the ring "Vimagih" {*Corrode rElec rF+ rC+
                  | Int+6}
 58304 | Crypt:3  | Found a staircase to the Tomb.
 58650 | Hell     | Entered the Vestibule of Hell
 58650 | Hell     | Noticed Geryon
 58690 | Hell     | Reached XP level 27. HP: 241/283 MP: 39/39
 58697 | Hell     | Killed Geryon
 58978 | Hell     | Found a gateway to the decaying netherworld of Tartarus.
 59018 | Hell     | Found a gateway to the ashen valley of Gehenna.
 59075 | Hell     | Found a gateway to the Iron City of Dis.
 59347 | Zot:1    | Entered Level 1 of the Realm of Zot
 59439 | Zot:1    | Reached skill level 15 in Throwing
 59557 | Zot:1    | Noticed an orb of fire
 59561 | Zot:1    | Gained mutation: You tend to lose your temper in combat.
                  | [an orb of fire]
 59568 | Zot:1    | Lost mutation: Your spells are a little harder to cast, but
                  | a little more powerful. [an orb of fire]
 59571 | Zot:1    | Gained mutation: Armour fits poorly on your strangely
                  | shaped body. [an orb of fire]
 59573 | Zot:1    | Killed an orb of fire
 60732 | Zot:2    | Reached skill level 15 in Transmutations
 61483 | Zot:3    | Reached skill level 10 in Necromancy
 61504 | Zot:3    | Identified the +9 mace of Rageif {vorpal, +Blink rCorr
                  | Dex+4}
 62122 | Zot:4    | Noticed an orb of fire
 62128 | Zot:4    | Lost mutation: Your natural rate of healing is unusually
                  | fast. [an orb of fire]
 62134 | Zot:4    | Killed an orb of fire
 63209 | Zig:1    | Entered Level 1 of a ziggurat
 63210 | Zig:1    | Noticed Igisy the pandemonium lord
 63220 | Zig:1    | Killed Igisy the pandemonium lord
 63235 | Zig:2    | Entered Level 2 of a ziggurat
 63259 | Zig:3    | Entered Level 3 of a ziggurat
 63289 | Zig:4    | Entered Level 4 of a ziggurat
 63293 | Zig:4    | Noticed Ziriogg the pandemonium lord
 63296 | Zig:4    | Killed Ziriogg the pandemonium lord
 63387 | Zig:5    | Entered Level 5 of a ziggurat
 63392 | Zig:5    | Found the +2 Maxwell's thermic engine {flame, freeze}
 63392 | Zig:5    | Noticed a dread lich
 63402 | Zig:5    | Killed a dread lich
 63420 | Zig:5    | Acquired 356 gold pieces
 63422 | Zig:5    | Acquired 929 gold pieces
 63424 | Zig:5    | Acquired a manual of Ice Magic
 63432 | Zig:5    | Got the Almanac of the Creative Frostbite
 63438 | Zig:6    | Entered Level 6 of a ziggurat
 63480 | Zig:7    | Entered Level 7 of a ziggurat
 63482 | Zig:7    | Noticed a dread lich
 63501 | Zig:7    | Killed a dread lich
 63515 | Zig:7    | Identified the ring "Iskud" {Fly rPois rN+ Will-}
 63536 | Zig:8    | Entered Level 8 of a ziggurat
 63562 | Zig:8    | Identified the ring "Noohae" {Fire rElec Will- Int+6
                  | Stlth-}
 63567 | Zig:8    | Identified the ring of Divine Compulsion {rF+ MP+9}
 63682 | Zig:9    | Entered Level 9 of a ziggurat
 63716 | Zig:9    | Identified the +9 scythe of Lomoschoc {venom, Str+7 Int+4}
 63773 | Zig:10   | Entered Level 10 of a ziggurat
 63782 | Zig:10   | Reached skill level 15 in Spellcasting
 63788 | Zig:10   | Found the +9 scales of the Dragon King {rPois rF+ rC+
                  | Will+}
 63812 | Zig:10   | Got the Collected Works on Dusty Curses
 63933 | Zig:11   | Entered Level 11 of a ziggurat
 63942 | Zig:11   | Noticed Cicaorch the pandemonium lord
 63953 | Zig:12   | Entered Level 12 of a ziggurat
 64101 | Zig:12   | Identified the ring of the Butterfly {rC+ MP+9 Int+5}
 64115 | Zig:12   | Identified the +3 hand axe "Loqepire" {pain, rF+ rC+ rCorr}
 64118 | Zig:12   | Acquired 569 gold pieces
 64125 | Zig:13   | Entered Level 13 of a ziggurat
 64148 | Zig:13   | Found the amulet of Vitality {Regen+ HP+15}
 64180 | Zig:13   | Identified the +5 plate armour of the Moon {Stlth+}
 64186 | Zig:13   | Identified the +6 chain mail "Xaptiro" {Fly rC+ Will-
                  | Regen+}
 64191 | Zig:13   | Identified the +2 helmet of Woutum {rElec Dex-4 Stlth+}
 64265 | Zig:14   | Entered Level 14 of a ziggurat
 64275 | Zig:14   | Noticed a juggernaut
 64276 | Zig:14   | Noticed a juggernaut
 64277 | Zig:14   | Noticed a juggernaut
 64284 | Zig:14   | Killed a juggernaut
 64285 | Zig:14   | Reached skill level 24 in Fighting
 64287 | Zig:14   | Killed a juggernaut
 64292 | Zig:14   | Killed a juggernaut
 64298 | Zig:14   | Identified the +1 scale mail of Zyhicvipey {rPois rN+
                  | Slay+2}
 64303 | Zig:14   | Identified the ring of Pride {Will- Int+5 Slay+5 SInv}
 64305 | Zig:14   | Identified the +11 war axe of Dust {speed, rPois Will++
                  | MP+9 Str+3}
 64306 | Zig:14   | Identified the +7 broad axe of Dissolution {holy, Dex+2}
 64313 | Zig:14   | Got Umitymirr's Thorough Guide to Wizardry
 64381 | Zig:15   | Entered Level 15 of a ziggurat
 64550 | Zig:15   | Identified the ring of Twilight {rC++ rN+ Int-4 SInv}
 64566 | Zig:15   | Identified the amulet of Hedonism {Spirit Harm *Slow Regen+
                  | Dex+4 Stlth+}
 64570 | Zig:15   | Identified the ring of Gaforamp {rN+ Dex+4}
 64575 | Zig:16   | Entered Level 16 of a ziggurat
 64589 | Zig:16   | Found the +7 captain's cutlass {speed, disarm}
 64603 | Zig:16   | Found the +7 sceptre of Torment {pain, torment}
 64763 | Zig:17   | Entered Level 17 of a ziggurat
 64767 | Zig:17   | Noticed a royal mummy
 64771 | Zig:17   | Noticed a royal mummy
 64782 | Zig:17   | Noticed a royal mummy
 64785 | Zig:17   | Killed a royal mummy
 64786 | Zig:17   | Killed a royal mummy
 64791 | Zig:17   | Killed a royal mummy
 64792 | Zig:17   | Noticed a royal mummy
 64802 | Zig:17   | Killed a royal mummy
 64971 | Zig:17   | Identified the amulet of the Shrike {Spirit Str+4 Dex+3}
 64985 | Zig:17   | Reached skill level 15 in Necromancy
 64996 | Zig:17   | Identified the amulet "Galaetutz" {Spirit rElec Regen+}
 65008 | Zig:17   | Lost mutation: You have very sharp teeth. [potion of
                  | mutation]
 65008 | Zig:17   | Lost mutation: You are occasionally teleported next to
                  | monsters. [potion of mutation]
 65008 | Zig:17   | Lost mutation: You are robust. (+10% HP) [potion of
                  | mutation]
 65008 | Zig:17   | Gained mutation: Your magical capacity is low. (-10% MP)
                  | [potion of mutation]
 65008 | Zig:17   | Gained mutation: You are strong-willed. (Will+) [potion of
                  | mutation]
 65009 | Zig:17   | Lost mutation: You are strong-willed. (Will+) [potion of
                  | mutation]
 65009 | Zig:17   | Lost mutation: Armour fits poorly on your strangely shaped
                  | body. [potion of mutation]
 65009 | Zig:17   | Gained mutation: You are strong-willed. (Will+) [potion of
                  | mutation]
 65010 | Zig:17   | Lost mutation: You are strong-willed. (Will+) [potion of
                  | mutation]
 65010 | Zig:17   | Lost mutation: Your magical capacity is low. (-10% MP)
                  | [potion of mutation]
 65010 | Zig:17   | Lost mutation: You tend to lose your temper in combat.
                  | [potion of mutation]
 65010 | Zig:17   | Gained mutation: Your skin changes colour to match your
                  | surroundings (Stealth+). [potion of mutation]
 65010 | Zig:17   | Gained mutation: Your body sometimes deteriorates upon
                  | taking damage. [potion of mutation]
 65010 | Zig:17   | Gained mutation: You are robust. (+10% HP) [potion of
                  | mutation]
 65010 | Zig:17   | Gained mutation: You have large cloven feet. [potion of
                  | mutation]
 65022 | Zig:18   | Entered Level 18 of a ziggurat
 65043 | Zig:18   | Reached skill level 25 in Fighting
 65058 | Zig:18   | Found the +8 demon blade "Leech" {vamp, *Rage +Rage rN+}
 65061 | Zig:18   | Found the +8 Vampire's Tooth {vamp}
 65064 | Zig:18   | Identified the ring of Aroure Qezue {rPois Will++ Int+6
                  | Slay+4}
 65165 | Zig:19   | Entered Level 19 of a ziggurat
 65228 | Zig:19   | Identified the +0 plate armour of Grot {rC+ Will+++ Regen+
                  | Str-2}
 65300 | Zig:20   | Entered Level 20 of a ziggurat
 65354 | Zig:20   | Identified the +8 chain mail of the Enchanted Forest
                  | {rElec}
 65355 | Zig:20   | Identified the ring "Git Taco" {Drain Fly rF+++ rCorr MP+9}
 65364 | Zig:20   | Identified the ring "Doshreph" {Fire Str+9 Int-4}
 65370 | Zig:20   | Got the Catalogue of Feathery Creation
 65373 | Zig:20   | Identified the ring "Ixkeojew" {rF+ rC+ Slay+3 Stlth+}
 65399 | Zig:21   | Entered Level 21 of a ziggurat
 65403 | Zig:21   | Noticed a juggernaut
 65405 | Zig:21   | Noticed a juggernaut
 65406 | Zig:21   | Noticed a juggernaut
 65409 | Zig:21   | Killed a juggernaut
 65413 | Zig:21   | Noticed a juggernaut
 65414 | Zig:21   | Killed a juggernaut
 65415 | Zig:21   | Noticed a juggernaut
 65419 | Zig:21   | Reached skill level 26 in Fighting
 65422 | Zig:21   | Noticed a juggernaut
 65423 | Zig:21   | Hit by an ettin thrown by iron giant

Illustrated notes

Levels and vault maps discovered:
D:1:      heliophobic_arrival_ceremonial_halls, layout_basic,
          ebering_ecumenical_altar_rust
D:2:      layout_loops_ring
D:3:      layout_basic, fedhas_altar_1, gammafunk_ghost_smash
D:4:      layout_cave_pools, mainiacjoe_overflow_chevrons,
          lemuel_mausoleum_altar_yredelemnul, minmay_temple_entry_glassed_door,
          dk_noncrumbling_3, abandoned_shop, uniq_ijyb, uniq_pikel
D:5:      layout_basic, overflow_temple_1_default, lemuel_tele_altar,
          kennysheep_little_box, kennysheep_generic_room_3, uniq_blork_the_orc
D:6:      layout_rooms, grunt_ministairs_1, hangedman_decor_slide_cut,
          minmay_diced_spiral
D:7:      layout_basic, minmay_misc_feat_enclosed, uniq_prince_ribbit1
D:8:      layout_loops_ring, erik_lair_orcish_takeover, minmay_ruined_shrine
D:9:      minmay_spotlight, layout_basic, minmay_orc_entry_temple_small
D:10:     layout_cave_pools, okawaru_humans, uniq_joseph
D:11:     layout_long_grid
D:12:     layout_basic, special_room [special_room_orc]
D:13:     layout_stronghold, serial_shops, nicolae_shop_behind_doors
D:14:     layout_cave_pools, david_vaults_5, minmay_misc_feat_ornament
D:15:     gammafunk_enter_depths_forms, layout_stronghold,
          minmay_misc_feat_rugged
Temple:   eino_wide_crystal_templ
Lair:1:   layout_cave_pods, uniq_sonja
Lair:2:   layout_chaotic_city, dummy_snake_entry, lemuel_fruit_tree
Lair:3:   layout_misc_corridors, minmay_swamp_entry_swarm,
          small_statue_intersection, chequers_serial_rivers_small_a,
          grunt_megastairs_2
Lair:4:   layout_cave_shapes, grunt_forest_small_clearing_treed,
          grunt_megastairs_4
Lair:5:   layout_cave_pods, forest_entry_grove, uniq_rupert
Lair:6:   minmay_lair_end_frog_pond, layout_regular_city, slime_dummy,
          serial_rivers, chequers_serial_rivers_room_b,
          chequers_serial_rivers_large_a, chequers_serial_rivers_micro_e,
          chequers_serial_rivers_micro_a, chequers_serial_rivers_micro_c
Swamp:1:  layout_falls_marsh, hangedman_swamp_ruin_wall, swamp_pool3
Swamp:2:  layout_falls_marsh, evilmike_swamp_ruin_house_2
Swamp:3:  layout_basic_swamp, nicolae_swamp_bean_lake, swamp_pool5, worms_lemuel
Swamp:4:  swamp_vile, layout_basic_swamp, infiniplex_staircase_pool,
          uniq_nikola, uniq_mara
Snake:1:  layout_grid_maze, minmay_shoptagon
Snake:2:  layout_basic, serial_shops, bzr_entry_dummy, uniq_louise
Snake:3:  nicolae_snake_hallway, layout_cave_town,
          nicolae_snake_gridmaze_squiggle
Snake:4:  snake_pit, layout_cave_town, serial_shops, shop, grunt_megastairs_5,
          uniq_vashnia
Slime:1:  layout_caves
Slime:2:  layout_caves
Slime:3:  layout_caves
Slime:4:  layout_caves
Slime:5
Orc:1:    layout_diamond_mine, serial_shops, nicolae_shop_crystal, shop, shop,
          shop
Orc:2:    st_orc_ogre_mass, layout_caves
Elf:1:    minmay_the_grid_square_5x5_3x3
          [minmay_the_grid_square_5x5_checkered_sparse,
          minmay_the_grid_square_5x5_fancy_junction,
          minmay_the_grid_square_5x5_dogpile, minmay_the_grid_square_5x5_n,
          minmay_the_grid_square_5x5_megaprize_open,
          minmay_the_grid_square_5x5_shrine1,
          minmay_the_grid_square_5x5_inner_v,
          minmay_the_grid_square_5x5_almost_minimal,
          minmay_the_grid_square_5x5_n_small], layout_loops_cross, serial_shops,
          shop, special_room [special_room_mythical_zoo], orc_legates,
          wad_floor_pattern_1, nicolae_elf_theology_debate, uniq_azrael,
          uniq_roxanne, uniq_asterion
Elf:2:    nicolae_elf_blades_splatter_lattice [nicolae_blade_entry_antechamber],
          layout_geoelf_diagonals, serial_shops, nicolae_shop_behind_doors,
          shop, ebering_ghost_rock_garden, minivault_16,
          minmay_misc_feat_columns
Elf:3:    minmay_elf_hall_quartered_circle, layout_gridlike, basic_altar,
          minmay_shop_star
Vaults:1: v_misc_9, nicolae_vaults_circle_grid_b,
          nicolae_vaults_border_crossing, nicolae_vaults_mini_display_case,
          vaults_room_stairs_pillars, ontoclasm_vaults_decontamination,
          vaults_dpeg_hooks, vaults_dpeg_ring, layout_vaults_omnibox,
          serial_shops, shop
Vaults:2: gammafunk_vaults_ghost_split, grunt_vaults_funnel,
          nicolae_vaults_little_squares_1, v_misc_1,
          nicolae_vaults_puzzle_piece, nicolae_vaults_puzzle_piece,
          hangedman_vaults_corner, v_misc_10, nicolae_vaults_little_squares_4,
          nicolae_vaults_shelves_hall, ontoclasm_vaults_shuriken,
          vaults_room_stairs_pillars, vaults_mumra_chevron_long,
          layout_vaults_big_cross, nicolae_trove_entry_diagonal, uniq_aizul
Vaults:3: v_pattern_4, nicolae_vaults_twisting_passages, ontoclasm_vaults_pinch,
          v_rooms_3, vaults_room_grid, minmay_crypt_entry_simple_statues,
          nicolae_vaults_ring_of_whatevers, vaults_room_hallway,
          grunt_vaults_twisty, layout_vaults_chaotic_city, serial_shops, shop
Vaults:4: v_pattern_5, nicolae_vaults_circle_grid_b, hangedman_vaults_slice,
          hangedman_vaults_stretched_pinwheel, vaults_room_boxed,
          vaults_dpeg_doors, layout_vaults_omnigrid, serial_shops, shop_statue
Vaults:5: uniq_sojobo
Crypt:1:  layout_gridlike, serial_sigils, serial_sigils_hangedman_writhe,
          serial_sigils_hangedman_shear, serial_sigils_hangedman_shear,
          serial_sigils_hangedman_scar
Crypt:2:  layout_basic, nicolae_crypt_twisting_catacombs
Crypt:3:  david_glass_crypt, layout_misc_corridors, st_stairs_2, uniq_margery
Depths:1: hangedman_elemental_death_ray, layout_gridlike,
          abyss_entry_flame_altar, grunt_metal_band, led_sif_pool,
          kennysheep_random_hallway
Depths:2: wad_courtyard, layout_cave_pools, serial_shops, bzr_entry_dummy,
          grunt_hell_entry_dis_mu, rand_demon_pan_entry_1,
          hangedman_abyss_or_decor_passed, nemelex_spade_bored_becter
Depths:3: evilmike_inaccessible_box, layout_gridlike,
          infiniplex_staircase_hallway_doors, hell_entry, abyss_entry,
          grunt_pan_entry_zigzag, serial_bayou_shore_b, firewood_loft
Depths:4: minmay_slanted_spiral_squares, layout_gridlike, enter_ziggurat_b,
          gammafunk_ghost_ooze, serial_bayou_pond_d,
          hangedman_abyss_entry_splay, hell_entry, infiniplex_staircase_9_rooms
Depths:5: grunt_x_marks_the_spot, layout_cave_pools,
          nicolae_qazlal_general_emergency, pf_vacation_house_of_asmodeus
Hell
Zot:1:    layout_twisted_circle
Zot:2:    layout_basic
Zot:3:    layout_basic, bh_zot_lava_cross
Zot:4:    kennysheep_blocky_hall, layout_onion
Zig:21

Skill      XL: |  1  2  3  4  5  6  7  8  9 10 11 12 13 14 15 16 17 18 19 20 21 22 23 24 25 26 27 |
---------------+----------------------------------------------------------------------------------+-----
Fighting       | 3 4 5 6 7 9 10 11 13 14 15 19 20 21 22 23 26 | 26.0
Long Blades    | 3 4 5 6 7 9 10 11 13 14 16 | 16.0
Throwing       | 2 3 5 7 8 9 10 12 14 16 | 16.0
Dodging        | 3 5 8 10 13 14 15 | 15.0
Evocations     | 1 2 3 5 7 8 10 11 12 | 12.0
Stealth        | 2 3 |  3.0
Translocations | 4 5 |  5.5
Spellcasting   | 3 5 6 7 8 10 11 12 13 17 | 17.7
Shields        | 3 4 9 13 15 | 15.0
Transmutations | 3 5 8 11 12 14 16 | 16.2
Earth Magic    | 3 5 9 11 12 13 14 15 16 17 | 17.3
Invocations    | 3 6 8 10 12 | 12.0
Armour         | 4 |  4.0
Necromancy     | 4 7 16 | 16.0

Action                   |  1- 3 |  4- 6 |  7- 9 | 10-12 | 13-15 | 16-18 | 19-21 | 22-24 | 25-27 || total
-------------------------+-------+-------+-------+-------+-------+-------+-------+-------+-------++-------
Melee: Falchion          |    72 |   127 |   180 |       |   499 |   316 |       |       |       ||  1194
       Headbutt          |    10 |    23 |    63 |   176 |   303 |   256 |   379 |   316 |   627 ||  2153
       Scimitar          |       |       |    66 |   103 |       |   136 |       |       |       ||   305
       Long sword        |       |       |       |   480 |   291 |       |       |       |       ||   771
       Short sword       |       |       |       |    55 |    33 |       |       |       |       ||    88
       Double sword      |       |       |       |       |       |   292 |   963 |   783 |  1616 ||  3654
       Bite              |       |       |       |       |       |       |       |       |   225 ||   225
       Kick              |       |       |       |       |       |       |       |       |     7 ||     7
Throw: Dart              |     5 |    30 |    45 |   137 |    39 |     3 |     7 |       |       ||   266
       Boomerang         |       |       |    18 |    21 |   118 |   122 |       |       |       ||   279
       Javelin           |       |       |       |       |       |    13 |       |     7 |    67 ||    87
 Cast: Blink             |       |       |     2 |    18 |    15 |       |       |       |     4 ||    39
       Statue Form       |       |       |       |       |     3 |    41 |    16 |    11 |    33 ||   104
       Passwall          |       |       |       |       |       |     4 |    15 |     9 |     2 ||    30
       Apportation       |       |       |       |       |       |       |     8 |       |    69 ||    77
       Passage of Golubr |       |       |       |       |       |       |     1 |       |       ||     1
       Necromutation     |       |       |       |       |       |       |       |       |     4 ||     4
Invok: Slouch            |       |       |       |       |     3 |     7 |     3 |    10 |    13 ||    36
       Step From Time    |       |       |       |       |       |     2 |     1 |     1 |     2 ||     6
 Abil: End Transformatio |       |       |       |       |     1 |     6 |     5 |     5 |     1 ||    18
Evoke: Wand              |       |       |    12 |    33 |    25 |     6 |     2 |     1 |     2 ||    81
       Phantom mirror    |       |       |       |       |     2 |     1 |       |       |       ||     3
       Condenser vane    |       |       |       |       |     2 |     4 |       |     1 |     5 ||    12
       Tin of tremorston |       |       |       |       |       |     2 |       |     2 |    12 ||    16
  Use: Scroll            |     3 |     2 |     7 |    15 |    10 |     6 |       |     6 |     9 ||    58
       Potion            |     1 |       |     2 |     6 |     2 |     3 |       |     2 |    17 ||    33
 Stab: Sleeping          |       |       |     3 |     3 |     7 |     5 |    10 |     7 |     5 ||    40
       Distracted        |       |       |       |       |     2 |     4 |     3 |     4 |       ||    13
       Paralysed         |       |       |       |       |       |     1 |       |       |       ||     1
Armor: Leather armour    |    34 |    20 |    45 |    99 |       |       |       |       |       ||   198
       Skin              |       |       |     8 |     5 |    26 |   299 |   129 |    72 |   503 ||  1042
       Troll leather arm |       |       |       |    85 |   184 |   109 |   122 |   116 |   229 ||   845
Dodge: Dodged            |    38 |    90 |   101 |   328 |   496 |   584 |   537 |   640 |  1866 ||  4680
Block: Other             |       |    24 |    48 |   137 |     7 |       |       |       |       ||   216
       Reflection        |       |     1 |       |     8 |    15 |    86 |    84 |    18 |    58 ||   270
       Buckler           |       |       |       |       |   404 |   626 |   161 |       |       ||  1191
       Kite shield       |       |       |       |       |       |       |   790 |   811 |  2032 ||  3633
       Rpst.: Falchion   |    13 |    20 |    17 |       |    60 |    23 |       |       |       ||   133
       Scimitar          |       |       |    10 |    12 |       |    18 |       |       |       ||    40
       Long sword        |       |       |       |    53 |    33 |       |       |       |       ||    86
       Double sword      |       |       |       |       |       |    31 |    94 |    77 |   237 ||   439

Table legend: (Time is in decaauts)
 A = Elapsed time spent in this place.
 B = Non-inter-level travel time spent in this place.
 C = Inter-level travel time spent in this place.
 D = Time resting spent in this place.
 E = Time spent auto-exploring this place.
 F = Levels seen in this place.
 G = Mean time per level.
                   A        B        C        D        E       F      G
               +--------+--------+--------+--------+--------+-----+--------+
         Total |  95029 |  85517 |   9512 |    901 |  65483 |  86 | 1105.0 |
       Dungeon |  21765 |  18622 |   3143 |     92 |  15430 |  15 | 1451.0 |
        Temple |     52 |     44 |      8 |      0 |     44 |   1 |   52.0 |
          Lair |   8159 |   6963 |   1196 |      0 |   5931 |   6 | 1359.8 |
         Swamp |   4697 |   4434 |    263 |    114 |   3266 |   4 | 1174.2 |
     Snake Pit |   7605 |   7144 |    461 |      0 |   5604 |   4 | 1901.2 |
    Slime Pits |   1006 |    843 |    163 |      0 |    397 |   5 |  201.2 |
  Orcish Mines |   2623 |   2366 |    257 |     68 |   1755 |   2 | 1311.5 |
   Elven Halls |   8767 |   7795 |    972 |     17 |   5445 |   3 | 2922.3 |
        Vaults |  12914 |  11359 |   1555 |     63 |   9326 |   5 | 2582.8 |
         Crypt |   4403 |   4239 |    164 |      0 |   3391 |   3 | 1467.7 |
        Depths |  11129 |  10134 |    995 |      0 |   8378 |   5 | 2225.8 |
          Hell |    744 |    727 |     17 |      0 |    523 |   1 |  744.0 |
           Zot |   6408 |   6095 |    313 |      0 |   5328 |   4 | 1602.0 |
         Abyss |   1146 |   1146 |      0 |      0 |      0 |   5 |  229.2 |
      Ziggurat |   3189 |   3189 |      0 |    547 |    444 |  21 |  151.9 |
        Bazaar |    261 |    261 |      0 |      0 |    140 |   1 |  261.0 |
         Trove |    154 |    154 |      0 |      0 |     77 |   1 |  154.0 |
               +--------+--------+--------+--------+--------+-----+--------+

Top non-repeatable levels by time:
     D:9: 3537 daAuts
Vaults:2: 3324 daAuts
   Elf:1: 3123 daAuts
   Elf:2: 2983 daAuts
Depths:1: 2833 daAuts
Vaults:4: 2690 daAuts
   Elf:3: 2660 daAuts
Vaults:3: 2443 daAuts
Depths:4: 2394 daAuts
Vaults:1: 2357 daAuts
     D:8: 2264 daAuts
 Snake:4: 2222 daAuts
Depths:3: 2150 daAuts
Depths:2: 2128 daAuts
Vaults:5: 2099 daAuts
